 Dungeon Crawl Stone Soup version 0.27-a0-883-g39567a0c06 (webtiles) character file.

Game seed: 17744293149711663922

25563 Conn the Nimble (level 13, -1/92 HPs)
             Began as a Djinni Delver on Apr 3, 2021.
             Was a High Priest of Okawaru.
             Killed by divine providence
             ... invoked by an orc priest
              (13 damage)
             ... on level 2 of the Orcish Mines.
             The game lasted 01:36:55 (22918 turns).

Conn the Nimble (Djinni Delver)                    Turns: 22918, Time: 01:36:55

Health: -1/92      AC: 25    Str: 16    XL:     13   Next: 20%
Gold:   1787       EV: 16    Int: 14    God:    Okawaru [*****.] SH:  9 Dex: 16

rFire    + + .     SeeInvis .   u - +5 war axe
rCold    x . .     Faith    .   W - +0 kite shield {AC+3}
rNeg     . . .     Spirit   .   L - +9 ring mail "Dosiycwo" {rElec Str+5 Int-4}
rPois    ∞         Reflect  .   M - +0 helmet
rElec    +         Harm     .   F - scarf {repulsion}
rCorr    .         Rampage  .   C - +0 pair of gloves
Will     +....                  (boots unavailable)
Stlth    +++.......             (no amulet)
HPRegen  0.25/turn              Y - +4 ring of protection
MPRegen  0.00/turn              T - +4 ring of evasion

@: about to teleport, flying, studying Axes, repel missiles
A: fire resistance 2, cold vulnerability 1, float, innate caster, hp casting,
extra vitality 1, clever 1, subdued magic 1
a: Renounce Religion, Heroism, Finesse


You were on level 2 of the Orcish Mines.
You worshipped Okawaru.
Okawaru was extremely pleased with you.
You visited 3 branches of the dungeon, and saw 15 of its levels.
You also visited: Ossuary.

You collected 1932 gold pieces.
You spent 145 gold pieces at shops.

Inventory:

Hand Weapons
 a - a +2 falchion
 e - a +1 dagger of venom
 t - a +3 short sword of freezing
 u - a +5 war axe (weapon)
 y - a +4 dagger of distortion
 P - a +1 dagger of protection
Missiles
 h - 88 poisoned darts
 i - 6 curare-tipped darts (quivered)
 D - 14 throwing nets
 X - 4 boomerangs of dispersal
Armour
 b - a +1 leather armour
 n - +0 acid dragon scales
 s - +0 fire dragon scales
 w - +0 swamp dragon scales
 A - a +1 robe of cold resistance
 C - a +0 pair of gloves (worn)
 F - a scarf of repulsion (worn)
 G - +0 steam dragon scales
 I - a +0 kite shield
 L - the +9 ring mail "Dosiycwo" (worn) {rElec Str+5 Int-4}
   (You found it on level 11 of the Dungeon)

   It affects your strength (+5).
   It affects your intelligence (-4).
   It insulates you from electricity.
 M - a +0 helmet (worn)
 O - the +1 robe of Uhemu {Str+5 Stlth+}
   (You found it on level 11 of the Dungeon)

   It affects your strength (+5).
   It makes you more stealthy.
 W - a +0 kite shield of protection (worn)
Jewellery
 B - a ring of ice
 T - a +4 ring of evasion (right hand)
 Y - a +4 ring of protection (left hand)
Wands
 g - a wand of digging (6)
 l - a wand of mindburst (18)
 p - a wand of charming (5)
 q - a wand of random effects (12)
 v - a wand of acid (10)
 J - a wand of flame (15)
 Q - a wand of iceblast (6)
 V - a wand of polymorph (16)
Scrolls
 c - a scroll of fog
 d - 3 scrolls of magic mapping
 f - 2 scrolls of noise
 j - 5 scrolls of identify
 z - a scroll of teleportation
 H - a scroll of immolation
Potions
 k - 4 potions of cancellation
 m - a potion of magic
 r - a potion of curing
 x - 2 potions of might
 N - a potion of brilliance {unknown}
Miscellaneous
 o - a condenser vane
 U - a phial of floods


   Skills:
 + Level 8.3 Fighting
 + Level 8.6(9.0) Short Blades
 + Level 3.8(6.7) Long Blades
 * Level 8.3 Axes
 + Level 1.9 Throwing
 + Level 7.4 Armour
 + Level 8.7 Dodging
 + Level 7.4 Stealth
 * Level 2.8 Shields
 + Level 0.4 Unarmed Combat
 + Level 6.2 Spellcasting
 - Level 6.0 Invocations
 + Level 2.9 Evocations


You had 4 spell levels left.
You knew the following spells:

 Your Spells              Type           Power      Damage    Failure   Level
a - Animate Skeleton      Necr           32%        N/A       8%          1
b - Slow                  Hex            16%        N/A       12%         2
c - Confusing Touch       Hex            16%        N/A       24%         3
d - Olgreb's Toxic Radia  Pois           16%        N/A       63%         4
e - Agony                 Necr           16%        N/A       94%         5
f - Hydra Form            Tmut           8%         N/A       94%         5
Your spell library was empty.

Dungeon Overview and Level Annotations

Branches:
Dungeon (12/15)            Temple (1/1) D:4            Lair (0/6) D:10
    Orc (2/2) D:12        Ossuary (visited)
    Elf: Orc:2

Altars:
Ashenzari
Cheibriados
Dithmenos
Elyvilon
Fedhas
Gozag
Hepliaklqana
Kikubaaqudgha
Makhleb
Nemelex Xobeh
Okawaru
Qazlal
Ru
Sif Muna
Trog
Uskayaw
Vehumet
Wu Jian
Xom
Yredelemnul
Zin
The Shining One

Shops:
D:4 [   D:5 [   Orc:1 *   Orc:2 (([(

Annotations:
D:4 Dowan, Duvessa
Abyss:1 Maurice


Innate Abilities, Weirdness & Mutations

You are immune to poison.
Your flesh is very heat resistant. (rF++)
You are vulnerable to cold. (rC-)
You float through the air rather than walking.
You learn spells naturally, not from books.
Your magical power is your life essence.
You have superior vitality. (+4 HP)
Your mind is acute. (Int +2)
Your spells are a little easier to cast, but a little less powerful.


Message History

Okay, then.
Okay, then.
Unknown command.
Unknown command.
Okay, then.
Unknown command.
Okay, then.
Unknown command.
Okay, then.
Okay, then.
Okay, then.
Unknown command.
Okay, then.
Okay, then.
You hear some strange, mumbled words.
Something tries to affect you, but you resist.
The orc priest casts a cantrip, but nothing happens.
You block the orc warrior's attack.
An orc wizard comes into view. It is wielding a +0 dagger.
The orc wizard shouts!
As you read the scroll of teleportation, it crumbles to dust.
You feel strangely unstable.
You hear a shout! x2
An orc high priest comes into view. It is wielding a +0 short sword.
You block the orc wizard's attack.
The orc priest calls down the wrath of Beogh upon you.
Beogh smites you!
* * * LOW HITPOINT WARNING * * *
The orc wizard points at itself and mumbles some strange words.
The orc wizard flickers and vanishes!
The orc wizard barely misses you. You block the orc priest's attack.
An orc high priest comes into view. It is wielding a +0 halberd.
You block the orc warrior's attack.
The orc priest begins to cast a cantrip, but forgets the words!
You hear a shout! x4
You feel better.
The orc wizard hits you but does no damage.
The orc priest mumbles some strange prayers to Beogh against you.
Beogh smites you!
You die...

)....## ...
.....# ..###
...# .....#
..#.# ...#
.....# ....
.... #....# o
##...###....
.....# #..
o....#.o#
.....#
##..o#∩#..o##
.....#
#..o{ooooo..#
#....#
##...#∩#@o.##
#....#


#oo#ooooo#o.# .....# { ##o.o## .... .....# #..o. ...# .....# .o.#.# ..# .....#
..4### .# ...#.## ... # .###..## .. ###...o######... You could see 2 orc high
priests, a red devil (summoned), 2 orc warriors, 10 orc priests, 6 orc wizards
and an orc (inner flame).

Vanquished Creatures
  The ghost of Efassemirph the Cleaver, a journeyman HOFi of Ashenzari (Orc:1)
  Josephine (D:10)
  A centaur warrior (D:11)
  A two-headed ogre (D:11)
  An orc high priest (Orc:1)
  3 orc sorcerers (Orc:1)
  A cyclops (Orc:2)
  3 manticores
  Joseph (D:9)
  Psyche (D:9)
  Maggie (D:9)
  A kobold demonologist (D:11)
  7 trolls
  Grinder (D:6)
  A hornet (D:9)
  2 slime creatures (D:11)
  4 wraiths (D:10)
  A wyvern (D:10)
  13 yaks
  A shadow (D:10)
  A basilisk (D:7)
  The ghost of sbaton the Changer, an amateur DgTm (D:3)
  A steam dragon (D:7)
  2 wargs
  2 acid dragons
  2 water moccasins (D:8)
  10 orc warriors
  3 sky beasts
  2 black bears
  A necrophage (D:7)
  12 ogres
  4 centaurs
  3 phantoms
  3 bullfrogs
  6 kobold brigands
  4 gnoll sergeants
  3 scorpions
  A wyvern skeleton (D:6)
  A water moccasin zombie (D:5)
  2 water moccasin skeletons
  8 wights
  4 killer bees (D:7)
  3 howler monkeys
  3 electric eels
  A bullfrog zombie (D:7)
  6 centaur zombies
  3 jellies
  A bullfrog skeleton (D:7)
  A centaur skeleton (D:7)
  7 orc priests
  8 hounds
  4 gnoll shamans
  8 iguanas
  Jessica (D:2)
  Terence (D:3)
  14 orc wizards
  A killer bee zombie (D:7)
  4 hound zombies
  36 gnolls
  3 howler monkey skeletons (D:7)
  8 adders
  A shadow imp (D:7)
  2 white imps (D:7)
  An ufetubus (D:7)
  An adder skeleton (D:4)
  An adder zombie (Ossuary)
  2 dart slugs
  55 orcs
  2 bats (D:1)
  6 endoplasms
  A giant cockroach (D:4)
  A goblin (D:3)
  3 hobgoblins
  15 jackals
  36 kobolds
  3 quokkas
  3 ball pythons (D:3)
  5 frilled lizards
  A goblin zombie (Ossuary)
  A kobold zombie (Ossuary)
  7 rats
382 creatures vanquished.

Vanquished Creatures (collateral kills)
  A shadow (D:12)
  An orc warrior (Orc:1)
  A goblin (D:3)
3 creatures vanquished.

Vanquished Creatures (others)
  A kobold (D:11)
  24 plants
25 creatures vanquished.

Grand Total: 410 creatures vanquished

Notes
Turn   | Place    | Note
-------+----------+-------------------------------------------
     0 | D:5      | Conn the Djinni Delver began the quest for the Orb.
     0 | D:5      | Reached XP level 1. HP: 20/20 MP: 0/0
    21 | D:5      | Noticed a centaur
    23 | D:5      | Noticed Duvessa
    24 | D:5      | Noticed Dowan
    29 | D:5      | Noticed a water moccasin zombie
   138 | D:4      | Reached XP level 2. HP: 8/25 MP: 0/0
   446 | D:4      | Found a white marble altar of Elyvilon.
   715 | D:2      | Noticed Jessica
   731 | D:2      | Killed Jessica
   732 | D:2      | Reached XP level 3. HP: 6/30 MP: 0/0
   732 | D:2      | Learned a level 1 spell: Animate Skeleton
  1258 | D:1      | Reached XP level 4. HP: 28/35 MP: 0/0
  2084 | D:2      | Reached skill level 1 in Armour
  2351 | D:3      | Found a runed translucent door.
  2352 | D:3      | Noticed sbaton's ghost (amateur DgTm)
  2396 | D:3      | Killed sbaton's ghost
  2397 | D:3      | Reached skill level 1 in Short Blades
  2397 | D:3      | Reached XP level 5. HP: 9/41 MP: 0/0
  2397 | D:3      | Learned a level 2 spell: Slow
  2397 | D:3      | Reached XP level 6. HP: 11/47 MP: 0/0
  2870 | D:3      | Noticed a black bear
  3136 | D:3      | Killed a black bear
  3137 | D:3      | Reached skill level 1 in Spellcasting
  3641 | D:3      | Noticed Terence
  3651 | D:3      | Killed Terence
  3907 | D:4      | Found a staircase to the Ecumenical Temple.
  3991 | D:4      | Reached XP level 7. HP: 31/52 MP: 0/0
  3991 | D:4      | Learned a level 3 spell: Confusing Touch
  4386 | Temple   | Entered the Ecumenical Temple
  4664 | Temple   | Became a worshipper of Warmaster Okawaru
  4733 | D:4      | Reached skill level 5 in Stealth
  4898 | D:4      | Found Ifuessokhimn's Armour Emporium.
  5335 | D:5      | Found Yfath's Armour Emporium.
  6356 | D:5      | Reached * piety under Okawaru
  6449 | D:5      | Reached XP level 8. HP: 36/58 MP: 0/0
  7734 | D:6      | Reached ** piety under Okawaru
  7738 | D:6      | Found a sand-covered staircase.
  7747 | Ossuary  | Entered an ossuary
  8491 | D:6      | Reached skill level 5 in Fighting
  8718 | D:6      | Reached skill level 1 in Throwing
  8718 | D:6      | Reached XP level 9. HP: 49/65 MP: 0/0
  8718 | D:6      | Learned a level 4 spell: Olgreb's Toxic Radiance
  8805 | D:6      | Found a stormy altar of Qazlal.
  8813 | D:6      | Reached skill level 5 in Dodging
  8851 | D:6      | Noticed Grinder
  8860 | D:6      | Killed Grinder
  8861 | D:6      | Reached skill level 1 in Invocations
  9207 | D:6      | Found a shadowy altar of Dithmenos.
 10608 | D:8      | Reached skill level 5 in Armour
 10697 | D:8      | Noticed a troll
 10738 | D:8      | Reached *** piety under Okawaru
 10757 | D:7      | You are sucked into a shaft and drop 2 floors!
 10757 | D:9      | Found an ornate altar of the Wu Jian Council.
 11013 | D:9      | Noticed Maggie
 11036 | D:9      | Killed Maggie
 11037 | D:9      | Reached XP level 10. HP: 70/70 MP: 0/0
 11064 | D:9      | Reached skill level 5 in Short Blades
 11175 | D:9      | Found a hide-covered altar of Uskayaw.
 11201 | D:9      | Noticed Joseph
 11213 | D:9      | Killed Joseph
 11214 | D:9      | Reached skill level 1 in Evocations
 11441 | D:9      | Noticed Psyche
 11491 | D:9      | Killed Psyche
 11970 | D:9      | Noticed Maurice
 11971 | D:9      | Reached **** piety under Okawaru
 12119 | D:9      | Found a glowing golden altar of the Shining One.
 12564 | D:7      | Reached skill level 5 in Spellcasting
 13053 | D:7      | Reached skill level 5 in Invocations
 13438 | D:7      | Identified a scroll of acquirement
 13438 | D:7      | Acquired 857 gold pieces
 13503 | D:7      | Noticed a death knight
 13507 | D:7      | Banished a death knight
 13508 | D:7      | Reached XP level 11. HP: 75/76 MP: 0/0
 13508 | D:7      | Learned a level 5 spell: Agony
 13520 | D:7      | Noticed a manticore
 13823 | D:7      | Killed a manticore
 14540 | D:7      | Found an opulent altar of Gozag.
 15395 | D:8      | Noticed a manticore
 15415 | D:8      | Killed a manticore
 15808 | D:8      | Reached skill level 1 in Axes
 16070 | D:8      | Found a bloodstained altar of Trog.
 16936 | D:10     | Entered Level 10 of the Dungeon
 16979 | D:10     | Found a staircase to the Lair.
 17517 | D:9      | Banished Maurice
 18101 | D:10     | Reached XP level 12. HP: 74/85 MP: 0/0
 18451 | D:10     | Noticed Josephine
 18814 | D:10     | Killed Josephine
 18814 | D:10     | Reached ***** piety under Okawaru
 19110 | D:11     | Identified the +9 ring mail "Dosiycwo" {rElec Str+5 Int-4}
 19317 | D:11     | Noticed a two-headed ogre
 19341 | D:11     | Banished a two-headed ogre
 19625 | D:11     | Noticed a two-headed ogre
 19691 | D:11     | Noticed a centaur warrior
 19704 | D:11     | Killed a centaur warrior
 19756 | D:11     | Noticed a two-headed ogre
 19763 | D:11     | Killed a two-headed ogre
 19764 | D:11     | Reached skill level 5 in Axes
 19900 | D:11     | Banished a two-headed ogre
 20001 | D:11     | Identified the +1 robe of Uhemu {Str+5 Stlth+}
 21690 | D:12     | Found a staircase to the Orcish Mines.
 21753 | Orc:1    | Entered Level 1 of the Orcish Mines
 21753 | Orc:1    | Found Hikaiso's Assorted Antiques.
 21753 | Orc:1    | Found a runed translucent door.
 21753 | Orc:1    | Noticed Efassemirph's ghost (journeyman HOFi)
 21756 | Orc:1    | Bought a gilded ring for 145 gold pieces
 21768 | Orc:1    | Noticed a soul eater
 21769 | Orc:1    | Reached skill level 1 in Shields
 22158 | Orc:1    | Killed Efassemirph's ghost
 22159 | Orc:1    | Reached XP level 13. HP: 77/92 MP: 0/0
 22159 | Orc:1    | Learned a level 5 spell: Hydra Form
 22184 | Orc:2    | Entered Level 2 of the Orcish Mines
 22189 | Orc:1    | Paralysed by an orc sorcerer for 5 turns
 22206 | Orc:1    | Gained mutation: Your mind is acute. (Int +2) [potion of
                  | mutation]
 22206 | Orc:1    | Gained mutation: Your spells are a little easier to cast,
                  | but a little less powerful. [potion of mutation]
 22206 | Orc:1    | Gained mutation: You are frail. (-10% HP) [potion of
                  | mutation]
 22206 | Orc:1    | Lost mutation: You are frail. (-10% HP) [potion of
                  | mutation]
 22914 | Orc:2    | Found Qyeh Syaruja's Weapon Emporium.
 22914 | Orc:2    | Found Woal's Weapon Shoppe.
 22914 | Orc:2    | Found Cayc's Armour Emporium.
 22914 | Orc:2    | Found Gozy's Antique Weapon Shoppe.
 22918 | Orc:2    | Killed from afar by an orc priest

Illustrated notes

Levels and vault maps discovered:
D:1:      eino_arrival_water_star, layout_basic, chequers_serial_rivers_micro_e
D:2:      layout_rooms, amcnicky_mini_pool_small, uniq_jessica
D:3:      layout_rooms, ebering_ghost_sewer_d, uniq_terence
D:4:      layout_basic, elyvilon_altar_4, minmay_temple_entry_mini_moons,
          serial_shops, nicolae_shop_behind_doors
D:5:      layout_rooms, serial_shops, shop, kennysheep_cross_bottleneck,
          uniq_duvessa
D:6:      layout_basic, grunt_dithmenos_shadows, nicolae_vehumet_radiance,
          grunt_qazlal_clouds, nicolae_ossuary_entry_ruins, serial_bayou,
          serial_bayou_pond_e, serial_bayou_pond_a, serial_bayou_pond_a,
          serial_bayou_shore_a, uniq_grinder
D:7:      nzn_winding_woodlands_medium [nzn_winding_woodlands_5x5_three,
          nzn_winding_woodlands_5x15_pathside_ponds,
          nzn_winding_woodlands_5x5_perimeter,
          nzn_winding_woodlands_5x5_closed_star,
          nzn_winding_woodlands_center_pierced_h,
          nzn_winding_woodlands_5x5_open_star,
          nzn_winding_woodlands_5x5_default, nzn_winding_woodlands_5x15_pool,
          nzn_winding_woodlands_5x5_default], layout_cave_pools,
          nicolae_sif_muna_little_library, grunt_gozag_breadcrumbs,
          serial_gnoll_camp, gnoll_camp_medium_02, gnoll_camp_huts_moat,
          gnoll_camp_mini_house
D:8:      layout_rooms, trog_butcher_becter, minmay_manual_monstrance
D:9:      layout_long_grid, amcnicky_altar_gilded, kennysheep_little_box,
          gammafunk_temple_overflow_pools, minmay_lizard_king, uniq_psyche,
          uniq_joseph, uniq_maurice, uniq_maggie
D:10:     layout_loops_ring, erik_lair_orcish_takeover, minmay_crystal_water,
          minivault_1, uniq_josephine
D:11:     layout_cave_pools
D:12:     layout_basic, hiddenorc1_lemuel
Temple:   minmay_temple_curvy_loop
Orc:1:    layout_caves, ebering_ghost_inner_flame, serial_shops, shop
Orc:2:    st_orc_mages, layout_caves, serial_shops, shop, uniq_saint_roka

Skill      XL: |  1  2  3  4  5  6  7  8  9 10 11 12 13 |
---------------+----------------------------------------+-----
Long Blades    | 2 3 |  3.8
Armour         | 2 3 4 5 6 7 |  7.4
Short Blades   | 1 2 3 4 6 7 8 |  8.6
Dodging        | 3 4 5 6 7 8 |  8.7
Spellcasting   | 1 2 3 4 5 6 |  6.2
Fighting       | 4 5 6 7 8 |  8.3
Stealth        | 5 6 7 |  7.4
Throwing       | 1 |  1.9
Invocations    | 3 5 6 |  6.0
Evocations     | 1 2 |  2.9
Axes           | 3 7 8 |  8.3
Shields        | 1 2 |  2.8
Unarmed Combat | |  0.4

Action                   |  1- 3 |  4- 6 |  7- 9 | 10-12 | 13-15 || total
-------------------------+-------+-------+-------+-------+-------++-------
Melee: Falchion          |    43 |    29 |    71 |       |       ||   143
       Dagger            |    20 |   100 |   292 |   820 |       ||  1232
       Short sword       |       |       |    90 |    45 |       ||   135
       Punch             |       |       |     2 |     5 |       ||     7
       Unarmed           |       |       |       |     4 |       ||     4
       War axe           |       |       |       |   157 |   107 ||   264
Throw: Dart              |       |     6 |     7 |     8 |       ||    21
 Cast: Animate Skeleton  |       |     3 |       |       |       ||     3
       Slow              |       |     1 |     1 |     6 |       ||     8
       Olgreb's Toxic Ra |       |       |       |     2 |       ||     2
       Confusing Touch   |       |       |       |     1 |       ||     1
Invok: Heroism           |       |       |     4 |    36 |     4 ||    44
       Finesse           |       |       |       |     3 |     1 ||     4
Evoke: Wand              |       |       |    12 |    23 |     2 ||    37
       Condenser vane    |       |       |       |     1 |       ||     1
  Use: Potion            |     3 |     5 |     2 |     3 |     5 ||    18
       Scroll            |     3 |     2 |     4 |     7 |     5 ||    21
 Stab: Sleeping          |     3 |     3 |    13 |    12 |       ||    31
       Distracted        |       |     1 |       |     2 |       ||     3
       Paralysed         |       |       |     5 |     3 |       ||     8
       Petrified         |       |       |     1 |     6 |       ||     7
Armor: Leather armour    |    11 |    20 |    59 |       |       ||    90
       Fire dragon scale |       |       |    80 |       |       ||    80
       Acid dragon scale |       |       |       |    81 |       ||    81
       Robe              |       |       |       |    17 |       ||    17
       Swamp dragon scal |       |       |       |     9 |       ||     9
       Ring mail         |       |       |       |   102 |    49 ||   151
Dodge: Dodged            |    35 |    94 |   243 |   587 |    84 ||  1043
       Repelled          |       |       |       |     3 |     1 ||     4
Block: Kite shield       |       |       |       |    53 |    69 ||   122
       Rpst.: Falchion   |     9 |     7 |    33 |       |       ||    49

Table legend: (Time is in decaauts)
 A = Elapsed time spent in this place.
 B = Non-inter-level travel time spent in this place.
 C = Inter-level travel time spent in this place.
 D = Time resting spent in this place.
 E = Time spent auto-exploring this place.
 F = Levels seen in this place.
 G = Mean time per level.
                   A        B        C        D        E       F      G
               +--------+--------+--------+--------+--------+-----+--------+
         Total |  22508 |  22024 |    484 |   5983 |   9228 |  16 | 1406.8 |
       Dungeon |  21009 |  20551 |    458 |   5939 |   8578 |  12 | 1750.8 |
        Temple |    274 |    248 |     26 |      0 |    121 |   1 |  274.0 |
  Orcish Mines |   1167 |   1167 |      0 |     44 |    529 |   2 |  583.5 |
       Ossuary |     57 |     57 |      0 |      0 |      0 |   1 |   57.0 |
               +--------+--------+--------+--------+--------+-----+--------+

Top non-repeatable levels by time:
     D:6: 3036 daAuts
     D:9: 2418 daAuts
     D:4: 2301 daAuts
     D:7: 2271 daAuts
     D:8: 1928 daAuts
     D:5: 1869 daAuts
    D:10: 1783 daAuts
    D:11: 1486 daAuts
     D:3: 1224 daAuts
     D:2: 1031 daAuts
   Orc:1: 950 daAuts
     D:1: 935 daAuts
    D:12: 721 daAuts
  Temple: 274 daAuts
   Orc:2: 216 daAuts
